AoeStats
← dohteM

Arena

510470906Analyzed
1v1 RM · 2d ago on Oct 1, 2026· 31m 44s· 2 players
Game mode
Random Map
Map size
Tiny (2 player)
Population
200
Speed
Normal
Resources
Standard
Victory
Conquest
Starting age
Dark Age
Ending age
Imperial Age
RankedLock teamsTeams togetherTeam positionsShared explorationLock speedFull tech treeHidden civsTurbo modeCheats
Victory
Defeat
🇺🇸 Spanish · United States
822
+42
🇲🇽 Sicilians · Mexico
812
-16
JamonRush
7:26 Loom
11:33 Feudal Age
15:58 Castle Age
13:47 Town Watch
16:18 Castle Age
22:37 Squires
22:43 Scale Mail Armor
23:27 Forging
24:42 Chain Mail Armor
24:21 Gambesons
28:49 Horse Collar
28:55 Double-Bit Axe
29:04 Gold Mining
30:48 Wheelbarrow
dohteM
13:15 Feudal Age
11:32 Loom
15:15 Wheelbarrow
14:39 Double-Bit Axe
16:23 Horse Collar
19:08 Castle Age
19:50 Town Watch
27:28 Imperial Age
26:07 Stone Mining
26:10 Fletching
27:20 Masonry
28:47 Gold Mining
29:32 Hand Cart
32:36 Chemistry
31:37 Murder Holes
Connection lost

Rejoining the realm…

Still unreachable

The connection could not be restored.

Session expired

The server has moved on; the page needs a fresh start.